 Dungeon Crawl Stone Soup version 0.25.1-2-g60ff931df9 (webtiles) character file.

Game seed: 10004326610126552943

35 DerDa the Firebug (level 3, 0/21 HPs)
             Began as an Octopode Fire Elementalist on Aug 23, 2020.
             Slain by a kobold
             ... wielding a +0 short sword
              (6 damage)
             ... on level 2 of the Dungeon.
             The game lasted 00:03:40 (1678 turns).

DerDa the Firebug (Octopode Fire Elementalist)      Turns: 1678, Time: 00:03:41

Health: 0/21       AC:  1    Str:  7    XL:     3   Next: 33%
Magic:  1/6        EV: 13    Int: 18    God:
Gold:   47         SH:  0    Dex: 12    Spells: 6/7 levels left

rFire    . . .     SeeInvis .   l - +4 dagger
rCold    . . .     Gourm    .   (no shield)
rNeg     . . .     Faith    .   (helmet restricted)
rPois    .         Spirit   .   (no amulet)
rElec    .         Reflect  .   (no ring)
rCorr    .         Harm     .   (no ring)
MR       .....                  (no ring)
Stlth    +++.......             (no ring)
HPRegen  0.07/turn              (no ring)
MPRegen  0.10/turn              (no ring)
                                (no ring)
                                (no ring)

@: no status effects
A: almost no armour, stealthy swim, amphibious, 8 rings, constrict 8, camouflage
1, gelatinous body 1
a: no special abilities


You were on level 2 of the Dungeon.
You were not hungry.

You visited 1 branch of the dungeon, and saw 2 of its levels.

You collected 47 gold pieces.

Inventory:

Hand Weapons
 d - a +0 hunting sling
 l - a +4 dagger (weapon)
Missiles
 c - 58 stones (quivered)
Scrolls
 a - a scroll of remove curse {unknown}
 g - a scroll of identify {unknown}
 h - a scroll of amnesia {unknown}
Potions
 e - a potion of might {unknown}
 f - a potion of flight {unknown}
 i - 3 potions of berserk rage {unknown}
Comestibles
 b - 2 rations
 k - a chunk of flesh


   Skills:
 - Level 2.0 Dodging
 - Level 2.6 Stealth
 * Level 2.5 Spellcasting
 * Level 1.9 Conjurations
 * Level 3.4 Fire Magic


You had 6 spell levels left.
You knew the following spells:

 Your Spells              Type           Power        Failure   Level  Hunger
a - Foxfire               Conj/Fire      ##..         5%          1    #......

Your spell library contained the following spells:

 Spells                   Type           Power        Failure   Level  Hunger
 Conjure Flame            Conj/Fire      ##......     17%         3    ###....
 Inner Flame              Hex/Fire       #.......     26%         3    ###....
 Sticky Flame             Conj/Fire      ##......     50%         4    #####..
 Fireball                 Conj/Fire      ##........   83%         5    ######.


Dungeon Overview and Level Annotations

Branches:
Dungeon (2/15)

Altars:


Innate Abilities, Weirdness & Mutations

You cannot wear most types of armour.
You are very stealthy in the water. (Stealth+)
You are amphibious.
You can wear up to eight rings at the same time.
You can use your tentacles to constrict eight enemies at once.
Your skin changes colour to match your surroundings (Stealth+).
Your rubbery body absorbs attacks. (AC +1, EV +1)


Message History

You conjure some foxfire!
The foxfire hits the worm.
The worm is severely wounded.
The foxfire hits the kobold but does no damage.
The kobold is severely wounded.
Casting: Foxfire (safe; 5% risk of failure)
Confirm with . or Enter, or press ? or * to list all spells.
You conjure some foxfire!
The kobold hits you with a +0 short sword.
The worm bites you!
* * * LOW HITPOINT WARNING * * *
The foxfire hits the kobold.
The kobold is severely wounded.
The foxfire hits the kobold but does no damage.
The kobold is severely wounded.
Casting: Foxfire (safe; 5% risk of failure)
Confirm with . or Enter, or press ? or * to list all spells.
You conjure some foxfire!
The kobold hits you with a +0 short sword.
You die...

#..........#
#..........#
#..........#
#$.........#####
#...w....)......
#...............
#.......§.......
#....(.K@v......
#.....w..v......
#..........#####
##†######### #.#
#.# #.#
##########.#
........<#.#


You could see 2 worms and a kobold.

Vanquished Creatures
  2 dart slugs
  A leopard gecko (D:1)
  5 bats
  2 giant cockroaches (D:1)
  A goblin (D:1)
  3 hobgoblins (D:1)
  4 jackals (D:1)
  A quokka (D:2)
  A frilled lizard (D:1)
  5 kobolds
  2 rats
27 creatures vanquished.

Vanquished Creatures (others)
  83 foxfires
83 creatures vanquished.

Grand Total: 110 creatures vanquished

Notes
Turn   | Place    | Note
-------+----------+-------------------------------------------
     0 | D:1      | DerDa the Octopode Fire Elementalist began the quest for
                  | the Orb.
     0 | D:1      | Reached XP level 1. HP: 11/11 MP: 3/3
   340 | D:1      | Reached XP level 2. HP: 17/17 MP: 0/5
   463 | D:1      | You fall into a shaft and drop 1 floor!
   958 | D:1      | Reached XP level 3. HP: 21/21 MP: 3/6
  1678 | D:2      | Slain by a kobold

Illustrated notes

Levels and vault maps discovered:
D:1:      kennysheep_arrival_forest, layout_basic
D:2:      layout_basic, old_standard_altar

Action                   || total
-------------------------++-------
Melee: Dagger            ||    15
       Constrict         ||     5
       Tentacles         ||     4
 Cast: Foxfire           ||    54
  Eat: Chunk             ||     3
Armor: Skin              ||     1
Dodge: Dodged            ||    18
